[Event "Titled Tuesday Blitz April 26 Early 2022"]
[White "Bluebaum, Matthias"]
[Black "Nurmanova, Alua"]
[WhiteFideId "24651516"]
[BlackFideId "13729390"]
[WhiteElo "2550"]
[BlackElo "1905"]
[Result "1-0"]
[Round "03"]
[TimeControl "180+1"]
[Date "2022.04.26"]
[WhiteClock "0:02:27"]
[BlackClock "0:00:02"]

1. d4 Nf6 2. c4 g6 3. Nc3 Bg7 4. e4 d6 5. Nf3 O-O 6. Be2 e5 7. Be3 Nc6 8. d5 Ne7 9. Nd2 h5 10. f3 Nh7 11. c5 f5 12. Nc4 f4 13. Bf2 Nf6 14. cxd6 cxd6 15. Nb5 Ne8 16. Nxa7 Bd7 17. Nb6 Rxa7 18. Nxd7 Rf7 19. O-O Ra8 20. Nb6 Rb8 21. Rc1 g5 22. Bb5 Ng6 23. Qa4 Nc7 24. Bd7 Nf8 25. Bf5 Bh6 26. h3 Kg7 27. Rc2 Ng6 28. Rfc1 Ne8 29. Rc8 Rxc8 30. Rxc8 1-0


[Site "https://www.chess.com"]

[Event "Titled Tuesday Blitz April 26 Early 2022"]
[White "Butti, Enrique"]
[Black "Itkis, Boris"]
[WhiteFideId "3700470"]
[BlackFideId "1209167"]
[WhiteElo "2080"]
[BlackElo "2207"]
[Result "1-0"]
[Round "03"]
[TimeControl "180+1"]
[Date "2022.04.26"]
[WhiteClock "0:01:04"]
[BlackClock "0:00:17"]

1. d4 Nf6 2. Nf3 e6 3. e3 c5 4. Bd3 b6 5. O-O Bb7 6. b3 Nc6 7. Bb2 d5 8. a3 Be7 9. Nbd2 O-O 10. Ne5 Nxe5 11. dxe5 Ne4 12. Bxe4 dxe4 13. Qe2 Qc7 14. Rfd1 Rad8 15. Qg4 Qc6 16. Nc4 g6 17. Qf4 Rd5 18. Nd6 f5 19. c4 Rd3 20. Rxd3 exd3 21. f3 Rd8 22. Qh6 Bf8 23. Qg5 Rd7 24. Rd1 a5 25. a4 Be7 26. Qf4 Bxd6 27. exd6 Qxd6 28. Be5 Qf8 29. h4 h6 30. Qg3 Kh7 31. Rd2 Qd8 32. Qf4 g5 33. hxg5 Qxg5 34. Kf2 Qxf4 35. exf4 Kg6 36. Ke3 Kf7 37. Rxd3 Rxd3+ 38. Kxd3 1-0


[Site "https://www.chess.com"]

[Event "Titled Tuesday Blitz April 26 Early 2022"]
[White "Cagara, Paulina"]
[Black "Matamoros Franco, Carlos S."]
[WhiteFideId "1124870"]
[BlackFideId "3600017"]
[WhiteElo "1780"]
[BlackElo "2554"]
[Result "0-1"]
[Round "03"]
[TimeControl "180+1"]
[Date "2022.04.26"]
[WhiteClock "0:00:54"]
[BlackClock "0:00:27"]

1. e4 c5 2. Nc3 Nc6 3. Bb5 Nd4 4. Bc4 a6 5. Nf3 b5 6. Bd5 Rb8 7. a4 Nf6 8. axb5 axb5 9. Nxd4 cxd4 10. Ne2 e6 11. Bb3 Nxe4 12. O-O d3 13. cxd3 Nf6 14. d4 Bb7 15. d3 Be7 16. Bf4 Ra8 17. Rxa8 Qxa8 18. f3 Nd5 19. Bd2 O-O 20. Nc3 b4 21. Ne4 Qa7 22. Kh1 Qxd4 23. Bc4 Qxb2 24. Bg5 Bxg5 25. Nxg5 h6 26. Bxd5 Bxd5 27. Ne4 Rc8 28. Qa4 Rc1 29. Rg1 Qb1 30. Nf6+ gxf6 0-1


[Site "https://www.chess.com"]

[Event "Titled Tuesday Blitz April 26 Early 2022"]
[White "Chigaev, Maksim"]
[Black "Arabidze, Meri"]
[WhiteFideId "4108116"]
[BlackFideId "13604040"]
[WhiteElo "2478"]
[BlackElo "2335"]
[Result "1/2-1/2"]
[Round "03"]
[TimeControl "180+1"]
[Date "2022.04.26"]
[WhiteClock "0:00:11"]
[BlackClock "0:00:08"]

1. d4 f5 2. Bg5 Nf6 3. Bxf6 exf6 4. e3 d5 5. g3 Be6 6. Bg2 c6 7. Ne2 Bd6 8. Nd2 O-O 9. Rc1 Nd7 10. O-O Nb6 11. b3 Ba3 12. Rb1 Bd6 13. c4 dxc4 14. bxc4 Nxc4 15. Nxc4 Bxc4 16. Rxb7 Qa5 17. Rb2 Qa6 18. Qd2 Rab8 19. Rc2 Bb4 20. Qd1 Rb6 21. Nf4 Bxf1 22. Bxf1 Qc8 23. Bc4+ Kh8 24. Qh5 Qe8 25. Qxf5 g6 26. Qd3 Bd6 27. Ne6 Rf7 28. Bb3 Re7 29. Nc5 Kg7 30. h4 Bxg3 31. h5 Bd6 32. hxg6 Qxg6+ 33. Qxg6+ Kxg6 34. Kf1 Bxc5 35. Rxc5 h5 36. Kg2 Rb5 37. Rxc6 Rg5+ 38. Kh3 Kg7 39. d5 Rd7 40. e4 Re5 41. f3 f5 42. Bc2 fxe4 43. Bxe4 Rexd5 44. Bxd5 Rxd5 45. Rc7+ Kg6 46. Rxa7 Rd3 47. Kg3 h4+ 48. Kg4 h3 49. Ra6+ Kg7 50. Ra5 h2 51. Rg5+ Kf6 52. Rh5 Rd2 53. a4 Ra2 54. f4 Rxa4 55. Rxh2 Ra1 56. Rh6+ Kg7 57. Rb6 Ra5 58. Rb7+ Kf6 59. Rd7 Ke6 60. Rc7 Kf6 61. Rc6+ Kf7 62. Rd6 Kg7 63. Re6 Kf7 64. Rh6 Kg7 65. Rh3 Kf7 66. Re3 Kg7 67. f5 Ra1 68. Re7+ Kf6 69. Re6+ Kf7 70. Rb6 Rg1+ 71. Kh3 Rh1+ 72. Kg3 Rg1+ 73. Kf3 Rf1+ 74. Ke4 Re1+ 75. Kf4 Rf1+ 76. Ke4 Re1+ 77. Kf4 Rf1+ 78. Ke4 1/2-1/2


[Site "https://www.chess.com"]

[Event "Titled Tuesday Blitz April 26 Early 2022"]
[White "Chojnacki, Slawomir"]
[Black "Narayanan, Srinath"]
[WhiteFideId "1117076"]
[BlackFideId "5018420"]
[WhiteElo "2084"]
[BlackElo "2472"]
[Result "1-0"]
[Round "03"]
[TimeControl "180+1"]
[Date "2022.04.26"]
[WhiteClock "0:00:47"]
[BlackClock "0:00:03"]

1. d4 Nf6 2. Nf3 d5 3. Bf4 c5 4. c3 b6 5. e3 Nc6 6. Ne5 Nxe5 7. Bxe5 e6 8. Bxf6 gxf6 9. Bb5+ Bd7 10. Qa4 a6 11. Bxd7+ Qxd7 12. Qxd7+ Kxd7 13. Nd2 h5 14. O-O Bd6 15. f4 b5 16. f5 e5 17. Rad1 e4 18. dxc5 Bxc5 19. Kf2 Kc6 20. Nb3 Rae8 21. Nxc5 Kxc5 22. Rd4 Re5 23. Kg1 Rg8 24. a4 Rg5 25. axb5 axb5 26. Ra1 Rexf5 27. Ra6 b4 28. cxb4+ Kb5 29. Ra5+ Kc6 30. Rc5+ Kb6 31. h4 Rg4 32. Rdxd5 Rxd5 33. Rxd5 Rxh4 34. Rf5 Rg4 35. Rxf6+ Kb5 36. Rxf7 Kxb4 37. Rf5 Kb3 38. Rxh5 Kxb2 39. Kf2 Kc3 40. Rd5 Rg8 41. Rd4 Rf8+ 42. Ke2 Rg8 43. Kf2 Rf8+ 44. Kg1 Re8 45. g3 Kc2 46. Kg2 Kc3 47. g4 Kc2 48. Kg3 Rf8 49. Rxe4 Kd3 50. Re5 Ke2 51. g5 Rf1 52. Kg4 Rg1+ 53. Kh5 Kf3 54. Kh6 Kg4 55. g6 Rh1+ 56. Kg7 Ra1 57. Re7 Kf5 58. Kf7 Ra6 59. g7 Rf6+ 60. Ke8 Rg6 61. Kf8 Kf6 62. Rf7+ Ke6 63. g8=Q 1-0


[Site "https://www.chess.com"]

[Event "Titled Tuesday Blitz April 26 Early 2022"]
[White "Chuemsakul, Sarocha"]
[Black "Kadam, Om Manish"]
[WhiteFideId "6203710"]
[BlackFideId "45076294"]
[WhiteElo "1703"]
[BlackElo "1729"]
[Result "0-1"]
[Round "03"]
[TimeControl "180+1"]
[Date "2022.04.26"]
[WhiteClock "0:00:07"]
[BlackClock "0:01:05"]

1. d4 Nf6 2. c4 g6 3. Nc3 d5 4. cxd5 Nxd5 5. e4 Nxc3 6. bxc3 Bg7 7. Nf3 c5 8. Be2 O-O 9. O-O cxd4 10. cxd4 Bg4 11. Be3 Nc6 12. d5 Bxf3 13. Bxf3 Bxa1 14. Qxa1 Nb4 15. Bh6 f6 16. Bxf8 Kxf8 17. Rb1 Qd6 18. Qb2 Na6 19. h4 Nc5 20. h5 Kg7 21. hxg6 hxg6 22. Qd4 b6 23. g3 Rh8 24. Re1 Nd7 25. Bg2 Rc8 26. f4 e5 27. Qf2 Rc3 28. Re3 Rc1+ 29. Kh2 Qb8 30. Bh3 Nc5 31. Kg2 Rc4 32. Qe2 exf4 33. gxf4 Qxf4 34. e5 Re4 35. exf6+ Kf8 36. Rxe4 Nxe4 37. Qf3 Qxf3+ 38. Kxf3 Ng5+ 39. Kg4 Nxh3 40. Kxh3 Kf7 41. Kg4 Kxf6 42. Kf4 g5+ 43. Kg4 Ke5 44. Kxg5 Kxd5 45. Kf4 Kc4 46. Ke3 Kb4 47. Kd2 Ka3 0-1


[Site "https://www.chess.com"]

[Event "Titled Tuesday Blitz April 26 Early 2022"]
[White "Ciorgovean, Iustin"]
[Black "Seo, Jung Min"]
[WhiteFideId "1242911"]
[BlackFideId "1734687"]
[WhiteElo "2075"]
[BlackElo "2401"]
[Result "1/2-1/2"]
[Round "03"]
[TimeControl "180+1"]
[Date "2022.04.26"]
[WhiteClock "0:00:20"]
[BlackClock "0:01:12"]

1. d4 Nf6 2. c4 e6 3. Nc3 Bb4 4. Qc2 O-O 5. a3 Bxc3+ 6. Qxc3 b6 7. Bg5 Bb7 8. e3 d6 9. Ne2 Nbd7 10. Qc2 c5 11. Rd1 Qc7 12. Nc3 a6 13. Qd2 h6 14. Bh4 cxd4 15. Qxd4 d5 16. cxd5 Nxd5 17. Bg3 Qc8 18. Nxd5 Bxd5 19. f3 Rd8 20. Be2 Nc5 21. O-O Rd7 22. Qb4 Qb7 23. e4 a5 24. Qc3 Bb3 25. Rxd7 Qxd7 26. Bf2 a4 27. Rc1 Rc8 28. Be3 Qd6 29. Qd4 Qc7 30. Qc3 e5 31. Qb4 Kh8 32. Bc4 Bxc4 33. Qxc4 Qd7 34. h3 f6 35. Qb4 Qc6 36. Rc4 Qd6 37. Qd2 Qxd2 38. Bxd2 Rd8 39. Be3 Rd1+ 40. Kf2 Rb1 41. Bxc5 Rxb2+ 42. Kf1 bxc5 43. Rxa4 Rc2 44. Ra8+ Kh7 45. Rc8 Kg6 46. a4 Kg5 47. g3 g6 48. a5 f5 49. a6 Ra2 50. Rxc5 Rxa6 51. Rxe5 Kf6 52. Rc5 fxe4 53. fxe4 Ra2 54. Kg1 h5 55. Kf1 Rb2 56. h4 Ra2 57. Rd5 Rb2 1/2-1/2


[Site "https://www.chess.com"]

[Event "Titled Tuesday Blitz April 26 Early 2022"]
[White "Clawitter, Craig"]
[Black "Melaugh, Shane"]
[WhiteFideId "2023105"]
[BlackFideId "2509580"]
[WhiteElo "2244"]
[BlackElo "1972"]
[Result "0-1"]
[Round "03"]
[TimeControl "180+1"]
[Date "2022.04.26"]
[WhiteClock "0:00:01"]
[BlackClock "0:00:12"]

1. e4 e6 2. d4 d5 3. e5 c5 4. c3 Nc6 5. Nf3 Bd7 6. Be2 Nge7 7. O-O Ng6 8. g3 Be7 9. h4 O-O 10. h5 Nh8 11. h6 g6 12. Bf4 cxd4 13. cxd4 f6 14. exf6 Bxf6 15. Nc3 Nf7 16. Kg2 g5 17. Be3 Nxh6 18. Bd3 Nf5 19. Bxf5 exf5 20. Nxd5 h6 21. Rh1 Bg7 22. Nxg5 hxg5 23. Qh5 f4 24. gxf4 Bh3+ 25. Rxh3 Qxd5+ 26. f3 Qf5 27. fxg5 Rfe8 28. Re1 Nxd4 29. f4 Nc2 30. Reh1 Nxe3+ 31. Rxe3 Rxe3 32. Qh4 Qe4+ 0-1


[Site "https://www.chess.com"]

[Event "Titled Tuesday Blitz April 26 Early 2022"]
[White "Csonka, Balazs"]
[Black "Zlatin, Alexander"]
[WhiteFideId "742910"]
[BlackFideId "2810549"]
[WhiteElo "2404"]
[BlackElo "2228"]
[Result "1-0"]
[Round "03"]
[TimeControl "180+1"]
[Date "2022.04.26"]
[WhiteClock "0:00:08"]
[BlackClock "0:00:02"]

1. e4 e5 2. Nf3 Nc6 3. Nc3 Nf6 4. Bb5 Bb4 5. O-O O-O 6. Bxc6 dxc6 7. d3 Re8 8. Ne2 h6 9. Ng3 Bd6 10. h3 c5 11. Nh2 Be6 12. b3 b5 13. f4 exf4 14. Bxf4 Bxf4 15. Rxf4 Qd6 16. Qf1 c4 17. Re1 cxd3 18. cxd3 Rad8 19. Re3 Qb6 20. Qf2 c5 21. Rxf6 gxf6 22. Nh5 c4 23. Nxf6+ Kf8 24. Nxe8 Kxe8 25. dxc4 Rd1+ 26. Nf1 bxc4 27. Rg3 Qxf2+ 28. Kxf2 cxb3 29. axb3 a5 30. Ke2 Rd4 31. Nd2 Ke7 32. Rc3 Rb4 33. Rc7+ Kf6 34. Ra7 Bxb3 35. Rxa5 Bc2 36. Ke3 Bd1 37. Ra1 Bh5 38. Ra6+ Kg7 39. Kf4 Bg6 40. Ra2 Rd4 41. Kf3 Rd3+ 42. Ke2 Rd4 43. Ke3 Rb4 44. Rc2 Ra4 45. Rc4 Ra3+ 46. Kf4 Ra2 47. Rd4 Rc2 48. g3 Rc3 49. Nf3 Rc1 50. g4 Rf1 51. Kg3 Rh1 52. h4 Rf1 53. h5 Bh7 54. Ne5 Re1 55. Rd7 Rxe4 56. Rxf7+ Kg8 57. Re7 Re3+ 58. Kf4 Re1 59. Re8+ Kg7 60. Re7+ Kg8 61. g5 hxg5+ 62. Kxg5 Rg1+ 63. Kh6 Kf8 64. Rxh7 Re1 65. Ng6+ Kg8 66. Rg7# 1-0


[Site "https://www.chess.com"]

[Event "Titled Tuesday Blitz April 26 Early 2022"]
[White "Cunha, Lucas Aguiar"]
[Black "Sanchez Alvares, Kelvin Antonio"]
[WhiteFideId "2125404"]
[BlackFideId "3906680"]
[WhiteElo "2361"]
[BlackElo "2193"]
[Result "0-1"]
[Round "03"]
[TimeControl "180+1"]
[Date "2022.04.26"]
[WhiteClock "0:00:05"]
[BlackClock "0:00:10"]

1. e4 c5 2. Nf3 e6 3. d4 cxd4 4. Nxd4 a6 5. Bd3 Qc7 6. Qe2 Bc5 7. Nb3 Be7 8. Be3 d6 9. N1d2 Nf6 10. O-O-O Nbd7 11. f4 b5 12. g4 Nb6 13. g5 Nfd7 14. f5 Ne5 15. Kb1 Bb7 16. Rhf1 Nbc4 17. f6 gxf6 18. gxf6 Bf8 19. Bd4 Rc8 20. Qh5 Ng6 21. Rf2 e5 22. Bc3 Nf4 23. Qf3 Ne6 24. Bxc4 bxc4 25. Na5 Nd4 26. Bxd4 Qxa5 27. Bc3 Qb5 28. Nf1 Qc6 29. Rd5 Qc7 30. Ne3 Bxd5 31. Nxd5 Qb7 32. Rg2 h5 33. h4 Rc5 34. a4 a5 35. Rg5 Qc6 36. Qf5 Qc8 37. Qf2 Qc6 38. Qd2 Qxa4 39. Bxe5 c3 40. Bxc3 Qxe4 41. Qd1 Bh6 42. Bd4 Rxd5 43. Rxd5 Qxd5 44. Qe2+ Kd7 45. c3 Qf5+ 46. Ka1 Rb8 47. Qa6 Qb5 48. Qa7+ Rb7 49. Qxb7+ Qxb7 50. b3 Ke6 51. Ka2 Kf5 52. Ka3 Ke6 53. Ka4 Kd7 54. Kxa5 Qc6 55. Kb4 Bf4 56. Ka5 Be5 57. b4 Bxd4 58. cxd4 Qd5+ 59. b5 Qxd4 60. Ka6 Kc8 61. b6 Kb8 62. Kb5 Qb2+ 63. Kc6 d5 64. Kd6 Qxb6+ 65. Ke7 Qe6+ 0-1


[Site "https://www.chess.com"]

[Event "Titled Tuesday Blitz April 26 Early 2022"]
[White "D`Arruda, Ricardo D."]
[Black "Unver, Cumali"]
[WhiteFideId "100692"]
[BlackFideId "6304940"]
[WhiteElo "2416"]
[BlackElo "2013"]
[Result "1/2-1/2"]
[Round "03"]
[TimeControl "180+1"]
[Date "2022.04.26"]
[WhiteClock "0:00:59"]
[BlackClock "0:00:42"]

1. Nf3 Nf6 2. d4 g6 3. Nc3 Bg7 4. e4 d6 5. Bg5 O-O 6. Qd2 c5 7. dxc5 dxc5 8. Qxd8 Rxd8 9. e5 Ng4 10. Bxe7 Re8 11. Bxc5 Nxe5 12. Nxe5 Rxe5+ 13. Be3 Bh6 14. O-O-O Bxe3+ 15. fxe3 Nc6 16. e4 Bg4 17. Rd2 f5 18. Bc4+ Kh8 19. h3 Bh5 20. exf5 gxf5 21. Rd5 Rae8 22. Rxe5 Rxe5 23. Rf1 Kg7 24. Bd5 Be8 25. Kd2 b6 26. Re1 Rxe1 27. Kxe1 Nd4 28. Kd2 f4 29. Ne2 Nxe2 30. Kxe2 Kf6 31. Be4 h6 32. Kf3 Ke5 33. Bd3 Bh5+ 34. Kf2 a5 35. c3 Bf7 36. g3 Bxa2 37. h4 Bd5 38. Bb5 fxg3+ 39. Kxg3 Kf5 40. Bd3+ Ke5 41. Kg4 Bf7 42. Bc2 b5 43. Bd3 b4 44. cxb4 axb4 45. Bb1 Be8 46. Bh7 Bf7 47. Bc2 Be8 48. Bb1 Bf7 49. Bc2 Be8 50. Bb1 Bf7 51. Bc2 1/2-1/2


[Site "https://www.chess.com"]

[Event "Titled Tuesday Blitz April 26 Early 2022"]
[White "Danilenko, Dmitriy"]
[Black "Aradhya, Garg"]
[WhiteFideId "14120844"]
[BlackFideId "25006746"]
[WhiteElo "2606"]
[BlackElo "2169"]
[Result "1-0"]
[Round "03"]
[TimeControl "180+1"]
[Date "2022.04.26"]
[WhiteClock "0:00:08"]
[BlackClock "0:00:07"]

1. e4 e5 2. Nf3 Nc6 3. Nc3 Nf6 4. a3 Nd4 5. Bc4 c6 6. O-O d5 7. exd5 cxd5 8. Nxd5 Bg4 9. Ne3 Nxf3+ 10. gxf3 Bh3 11. Re1 Bc5 12. Bf1 Bxf1 13. Nxf1 Qd4 14. Qe2 O-O-O 15. d3 Nd5 16. c3 Qh4 17. d4 Bb6 18. Qxe5 Bc7 19. Qf5+ Kb8 20. Re4 Qf6 21. Qxf6 Nxf6 22. Re1 Rd5 23. Bd2 a5 24. Ng3 a4 25. Re7 Rf8 26. Rae1 Bd6 27. R7e2 Bc7 28. Ne4 Nh5 29. Nc5 b6 30. Na6+ Kb7 31. Nxc7 Kxc7 32. Re5 Rxe5 33. Rxe5 g6 34. Kf1 Ng7 35. Ke2 Ne6 36. Kd3 Kc6 37. d5+ Kd6 38. f4 Nc5+ 39. Kc4 Rc8 40. Kb5 f6 41. Re2 Kxd5 42. Be3 Nd3 43. Rd2 Ke4 44. Kxb6 Rb8+ 45. Ka5 Nxb2 46. Rd4+ Kf3 47. c4 Rb3 48. c5 Rxa3 49. c6 Rc3 50. Kb6 a3 51. Rd8 a2 52. Ra8 Rb3+ 53. Kc5 Rc3+ 54. Kd6 Nc4+ 55. Kd7 Nb6+ 56. Bxb6 Rd3+ 57. Ke7 Rb3 58. Rxa2 Rxb6 59. c7 Rc6 60. Kd7 Rc3 61. c8=Q Rxc8 62. Kxc8 Kxf4 63. Kd7 Kf5 64. Ke7 g5 65. Ra6 Kg4 66. Rxf6 h5 67. Ke6 Kh3 68. Rg6 g4 69. Rg5 Kxh2 70. Rxh5+ Kg2 71. Rf5 g3 72. fxg3 Kxg3 73. Ke5 Kg4 74. Rf4+ Kg5 75. Re4 Kh5 76. Kf6 Kh6 77. Rh4# 1-0


[Site "https://www.chess.com"]

[Event "Titled Tuesday Blitz April 26 Early 2022"]
[White "Darini, Pouria"]
[Black "Jumabayev, Rinat"]
[WhiteFideId "12502200"]
[BlackFideId "13702661"]
[WhiteElo "2489"]
[BlackElo "2561"]
[Result "1-0"]
[Round "03"]
[TimeControl "180+1"]
[Date "2022.04.26"]
[WhiteClock "0:00:12"]
[BlackClock "0:00:05"]

1. e4 e5 2. Nf3 Nc6 3. d4 exd4 4. Nxd4 Bb4+ 5. c3 Bc5 6. Be3 Bb6 7. Nf5 Bxe3 8. Nxe3 Nf6 9. f3 O-O 10. c4 Re8 11. Nc3 d6 12. Qd2 a6 13. Bd3 Be6 14. O-O Nd7 15. f4 f6 16. Rae1 Nc5 17. Bb1 b5 18. cxb5 axb5 19. Nxb5 Qb8 20. Nc3 Bf7 21. b3 Nb4 22. Kh1 Kh8 23. Nf5 Bg6 24. Nd4 Qb7 25. f5 Bf7 26. Rf4 d5 27. h3 Rad8 28. a3 dxe4 29. axb4 Nxb3 30. Nxb3 Rxd2 31. Nxd2 e3 32. Nde4 Qxb4 33. Rf3 Rd8 34. Rfxe3 h6 35. Ba2 Bxa2 36. Nxa2 Qc4 37. Nac3 Rd3 38. Rxd3 Qxd3 39. Rd1 Qc2 40. Rd8+ Kh7 41. Kh2 Qc1 42. Rd2 c5 43. Rf2 c4 44. Rf3 Qe1 45. Rf2 Qe3 46. Kg1 h5 47. Kh1 Qe1+ 48. Kh2 Qe3 49. Rf3 Qe1 50. Nf2 Qe5+ 51. g3 h4 52. Nfe4 hxg3+ 53. Nxg3 Qe1 54. Kg2 Qd2+ 55. Nge2 Qe1 56. Rf1 Qd2 57. Rf4 Qd3 58. Rh4+ Kg8 59. Rf4 Kh7 60. Rf3 Qd2 61. Kf2 Qc2 62. Rf4 Qd3 63. Rf3 Qd2 64. Kf1 Kg8 65. Kg2 Qc2 66. Rf4 Qd3 67. h4 Kh7 68. Kf2 Kg8 69. Ke1 Kh7 70. Kf1 Kg8 71. Kf2 Kh7 72. Ne4 Qc2 73. Ng3 Qd3 74. Rf3 Qc2 75. Rc3 Qa2 76. Ne4 Qa7+ 77. Re3 Qd7 78. N4g3 Qd5 79. Re4 Qd3 80. Rd4 Qc2 81. Re4 c3 82. Re3 Qb1 83. Rxc3 Qb6+ 84. Re3 Qc5 85. h5 Qd5 86. Rf3 Qc5+ 87. Kf1 Kh6 88. Rf4 Qc2 89. Rg4 Qd1+ 90. Kf2 Qb3 91. Rg6+ Kh7 92. Kg2 Qd5+ 93. Kf2 Qc5+ 94. Kf3 Qd5+ 95. Kg4 Qc4+ 96. Kh3 Qd3 97. Nf4 Qf3 98. Ne6 Qf2 99. Rxg7+ Kh8 100. Rg6 Kh7 101. Rxf6 Qf3 102. Ng5+ 1-0


[Site "https://www.chess.com"]

[Event "Titled Tuesday Blitz April 26 Early 2022"]
[White "De Arruda, Leandro Formes"]
[Black "Padmini, Rout"]
[WhiteFideId "22722009"]
[BlackFideId "5029295"]
[WhiteElo "1852"]
[BlackElo "2181"]
[Result "0-1"]
[Round "03"]
[TimeControl "180+1"]
[Date "2022.04.26"]
[WhiteClock "0:00:12"]
[BlackClock "0:00:15"]

1. d4 Nf6 2. Nf3 g6 3. e3 Bg7 4. Be2 O-O 5. O-O d6 6. c4 Nbd7 7. Nc3 e5 8. dxe5 dxe5 9. b3 c6 10. Bb2 Re8 11. Qc2 Qe7 12. Rad1 Nc5 13. e4 Bg4 14. Ba3 Bxf3 15. Bxf3 Rad8 16. Na4 b6 17. Nxc5 bxc5 18. Qc3 Bf8 19. Qa5 h5 20. Qa6 Qc7 21. Rb1 Nd7 22. b4 cxb4 23. Bxb4 Bxb4 24. Rxb4 Nc5 25. Qa3 Ne6 26. Ra4 Rd7 27. Bd1 Red8 28. Bb3 c5 29. Ra5 Kg7 30. h3 h4 31. Qa4 Nd4 32. Qa3 Rc8 33. Ba4 Qxa5 34. Rb1 Rd6 0-1


[Site "https://www.chess.com"]

[Event "Titled Tuesday Blitz April 26 Early 2022"]
[White "Deac, Bogdan-Daniel"]
[Black "Jaferian, Koosha"]
[WhiteFideId "1226380"]
[BlackFideId "12507440"]
[WhiteElo "2648"]
[BlackElo "2030"]
[Result "1-0"]
[Round "03"]
[TimeControl "180+1"]
[Date "2022.04.26"]
[WhiteClock "0:00:37"]
[BlackClock "0:00:21"]

1. b3 Nf6 2. Bb2 d5 3. e3 Bf5 4. c4 e6 5. cxd5 exd5 6. Qf3 Be6 7. Bxf6 gxf6 8. Ne2 Nc6 9. Nf4 Ne5 10. Qh5 Qe7 11. Nxe6 Qxe6 12. Be2 f5 13. Nc3 O-O-O 14. Nb5 Bc5 15. O-O Ng6 16. Rfc1 Bb6 17. Bd3 Ne7 18. a4 a5 19. b4 axb4 20. a5 Bxa5 21. Rxa5 c6 22. Nd4 Qd6 23. Qxf7 Rhf8 24. Ra8+ Kd7 25. Bxf5+ Kc7 26. Nb5+ Kb6 27. Nxd6 Rxf7 28. Rxd8 Rf6 1-0


[Site "https://www.chess.com"]

[Event "Titled Tuesday Blitz April 26 Early 2022"]
[White "Djokic, Mihailo"]
[Black "Wachinger, Guenther"]
[WhiteFideId "976440"]
[BlackFideId "4604261"]
[WhiteElo "2202"]
[BlackElo "2212"]
[Result "1/2-1/2"]
[Round "03"]
[TimeControl "180+1"]
[Date "2022.04.26"]
[WhiteClock "0:00:04"]
[BlackClock "0:00:21"]

1. e4 c5 2. Nf3 d6 3. d4 cxd4 4. Nxd4 Nf6 5. Nc3 g6 6. Be3 Bg7 7. f3 O-O 8. Qd2 Nc6 9. O-O-O d5 10. Qe1 e5 11. Nxc6 bxc6 12. exd5 Nxd5 13. Bc4 Be6 14. Ne4 Qc7 15. Bc5 Rfd8 16. h4 h6 17. g4 f5 18. gxf5 gxf5 19. Ng3 Qf7 20. Rg1 Kh7 21. Qa5 Rd7 22. Bb3 Rad8 23. Qa6 Nf4 24. Qxc6 Rxd1+ 25. Rxd1 Rxd1+ 26. Kxd1 Bxb3 27. axb3 Nh5 28. Ne2 Nf6 29. f4 e4 30. Bd4 Ng4 31. Kc1 Bf6 32. Qc5 Bxd4 33. Nxd4 Kg6 34. h5+ Kxh5 35. Nxf5 Kg6 36. Nh4+ Kh7 37. Qf5+ Qxf5 38. Nxf5 Kg6 39. Ng3 e3 40. Kd1 h5 41. Ke2 h4 42. Nf1 h3 43. Ng3 h2 44. Kf3 Kf6 45. Kg2 Ke6 46. c4 Kd6 47. b4 Kc6 48. b5+ Kc5 49. b3 Kb4 50. f5 Kc5 51. f6 Kd6 52. Kf3 Ke6 53. Kg2 Kxf6 54. c5 Ke6 55. b6 axb6 56. cxb6 Kd6 57. Nf5+ Kc6 58. Nxe3 Nxe3+ 59. Kxh2 Nd5 60. Kg3 Kxb6 61. Kf3 Kb5 62. Ke4 Kb4 63. Kxd5 Kxb3 1/2-1/2


[Site "https://www.chess.com"]

[Event "Titled Tuesday Blitz April 26 Early 2022"]
[White "Dobre, Claudiu-Cristian"]
[Black "Polster, Christian"]
[WhiteFideId "1211854"]
[BlackFideId "12965081"]
[WhiteElo "2207"]
[BlackElo "2321"]
[Result "1-0"]
[Round "03"]
[TimeControl "180+1"]
[Date "2022.04.26"]
[WhiteClock "0:00:33"]
[BlackClock "0:00:01"]

1. c4 e6 2. Nf3 d5 3. b3 d4 4. e3 c5 5. exd4 cxd4 6. d3 Nc6 7. g3 Bd6 8. Bg2 h6 9. O-O Nf6 10. Ba3 O-O 11. Bxd6 Qxd6 12. a3 a5 13. Re1 e5 14. Qc2 Bf5 15. Nbd2 Nd7 16. Nh4 Bh7 17. Ne4 Qc7 18. c5 Kh8 19. Nd6 Rad8 20. Nhf5 h5 21. Rab1 g6 22. Nh4 Nxc5 23. Nxb7 Nxb7 24. Qxc6 Qxc6 25. Bxc6 Nc5 26. Bb5 Rb8 27. Bc4 f6 28. f4 g5 29. fxg5 Nxd3 30. Red1 Nc5 31. g6 Bg8 32. Nf5 Bxc4 33. g7+ Kh7 34. gxf8=N+ Rxf8 35. bxc4 e4 36. Rb5 Nd3 37. Nxd4 Kg6 38. Ne2 Rc8 39. c5 Nxc5 40. Rc1 1-0


[Site "https://www.chess.com"]

[Event "Titled Tuesday Blitz April 26 Early 2022"]
[White "Drygalov, Sergey"]
[Black "Karolczuk, Iwo"]
[WhiteFideId "24171743"]
[BlackFideId "21816972"]
[WhiteElo "2514"]
[BlackElo "2277"]
[Result "1-0"]
[Round "03"]
[TimeControl "180+1"]
[Date "2022.04.26"]
[WhiteClock "0:00:57"]
[BlackClock "0:00:09"]

1. d4 Nf6 2. c4 e6 3. Nf3 b6 4. g3 Ba6 5. Qc2 d5 6. cxd5 exd5 7. Nc3 Be7 8. Bg2 O-O 9. O-O Re8 10. Ne5 c5 11. dxc5 Bxc5 12. Nd3 Be7 13. Bg5 Nc6 14. Qa4 Bb7 15. Rfd1 Rc8 16. Bh3 Ra8 17. Bg2 Rc8 18. e3 Na5 19. Nf4 Rc4 20. Qc2 d4 21. Bxb7 Nxb7 22. exd4 Rxd4 23. Nb5 Rd7 24. Nxa7 h6 25. Nc6 Qc7 26. Nxe7+ Rdxe7 27. Qxc7 Rxc7 28. Bxf6 gxf6 29. Rac1 Rec8 30. Rxc7 Rxc7 31. Rd2 Nc5 32. Nd5 Ra7 33. b3 b5 34. Nxf6+ Kg7 35. Nd5 Rd7 36. f3 Ne6 37. Rd1 Nc7 38. Ne3 Re7 39. Nf5+ 1-0


[Site "https://www.chess.com"]

[Event "Titled Tuesday Blitz April 26 Early 2022"]
[White "Esipenko, Andrey"]
[Black "Moroni, Luca Jr"]
[WhiteFideId "24175439"]
[BlackFideId "865834"]
[WhiteElo "2617"]
[BlackElo "2573"]
[Result "1-0"]
[Round "03"]
[TimeControl "180+1"]
[Date "2022.04.26"]
[WhiteClock "0:01:18"]
[BlackClock "0:00:31"]

1. e4 d6 2. d4 e5 3. Nf3 exd4 4. Nxd4 Nf6 5. Nc3 Be7 6. g3 O-O 7. Bg2 Re8 8. O-O c6 9. a4 a5 10. h3 Na6 11. Re1 Nc5 12. Bf4 Bf8 13. Qd2 Qb6 14. b3 Bd7 15. Rad1 Rad8 16. g4 Bc8 17. Bg5 Be7 18. Nf5 Bxf5 19. gxf5 Qb4 20. Be3 Nfd7 21. Ne2 Bf6 22. Qxb4 axb4 23. Rxd6 Be5 24. Rd2 Bc3 25. Nxc3 bxc3 26. Rd4 Re7 27. Red1 Rde8 28. b4 1-0


[Site "https://www.chess.com"]

[Event "Titled Tuesday Blitz April 26 Early 2022"]
[White "Estrada Nieto, Julian"]
[Black "Kosteniuk, Alexandra"]
[WhiteFideId "5101018"]
[BlackFideId "4128125"]
[WhiteElo "2252"]
[BlackElo "2469"]
[Result "1/2-1/2"]
[Round "03"]
[TimeControl "180+1"]
[Date "2022.04.26"]
[WhiteClock "0:01:05"]
[BlackClock "0:01:03"]

1. e4 c6 2. d4 d5 3. exd5 cxd5 4. Bd3 Nc6 5. c3 Nf6 6. Nf3 Bg4 7. O-O e6 8. Bf4 Bd6 9. Bxd6 Qxd6 10. Nbd2 O-O 11. Qb3 Qc7 12. Rae1 Bxf3 13. Nxf3 Rfe8 14. Ne5 Nxe5 15. dxe5 Nd7 16. Qc2 Nxe5 17. Bxh7+ Kf8 18. f4 Qc5+ 19. Kh1 Ng4 20. Qe2 Nf6 21. Bd3 Ke7 22. f5 Kf8 23. fxe6 Rxe6 24. Qf3 Rae8 25. Rxe6 Rxe6 26. h3 Qe3 27. Qxe3 Rxe3 28. Rd1 Ke7 29. Kg1 Kd6 30. Kf2 Re5 31. Re1 Ne4+ 32. Bxe4 dxe4 33. Ke3 f5 34. Rd1+ Rd5 35. Rxd5+ Kxd5 36. g4 g6 37. gxf5 gxf5 38. Kf4 Kc4 39. Ke3 Kd5 40. Kf4 Kc4 41. Ke3 Kd5 1/2-1/2


[Site "https://www.chess.com"]

[Event "Titled Tuesday Blitz April 26 Early 2022"]
[White "Eynullayev, Atilla"]
[Black "Ning, Kaiyu"]
[WhiteFideId "13413570"]
[BlackFideId "8614750"]
[WhiteElo "1936"]
[BlackElo "2013"]
[Result "1-0"]
[Round "03"]
[TimeControl "180+1"]
[Date "2022.04.26"]
[WhiteClock "0:00:21"]
[BlackClock "0:00:02"]

1. e4 c5 2. Nf3 d6 3. d4 cxd4 4. Nxd4 Nf6 5. Nc3 a6 6. Be3 e5 7. Nb3 Be6 8. Be2 Be7 9. Nd5 Nbd7 10. Qd3 Rc8 11. c4 O-O 12. O-O Ne8 13. Rac1 f5 14. Nxe7+ Qxe7 15. f4 Kh8 16. Kh1 fxe4 17. Qxe4 Ndf6 18. Qd3 exf4 19. Rxf4 d5 20. cxd5 Rxc1+ 21. Bxc1 Nxd5 22. Rxf8+ Qxf8 23. Bf3 Nd6 24. Nc5 Bg8 25. h3 Nb4 26. Qd4 Nxa2 27. Bf4 Nf5 28. Qe5 Nb4 29. Bxb7 a5 30. Be4 Nh4 31. Qg5 h6 32. Qxh4 Qxc5 33. Bxh6 g5 34. Bxg5+ Kg7 35. Qh6+ Kf7 36. Qg6+ Kf8 37. Qf6+ Bf7 38. Qd8+ Kg7 39. Bf6+ Kh6 40. Qh8# 1-0


[Site "https://www.chess.com"]